 Dungeon Crawl Stone Soup version 0.29-a0-294-g83ea962da3 (webtiles) character file.

Game seed: 10437247345229065239

21 sanka the Ducker (level 2, 29/29 HPs)
             Began as a Gnoll Monk on Mar 18, 2022.
             Was a Believer of Qazlal.
             Quit the game on level 1 of the Dungeon.
             The game lasted 00:00:38 (506 turns).

sanka the Ducker (Gnoll Monk)                        Turns: 506, Time: 00:00:39

Health: 29/29      AC:  2    Str: 10    XL:     2   Next: 83%
Magic:  2/2        EV: 15    Int:  9    God:    Qazlal [**....]
Gold:   38         SH:  3    Dex: 14    Spells: 2/2 levels left

rFire   . . .      SeeInvis .   a - +0 hand axe
rCold   . . .      Faith    .   (no shield)
rNeg    . . .      Spirit   .   b - +0 robe
rPois   .          Reflect  .   (no helmet)
rElec   .          Harm     .   (no cloak)
rCorr   .          Rampage  .   (no gloves)
Will    .....                   (no boots)
Stlth   ++........              (no amulet)
HPRegen 0.09/turn               (no ring)
MPRegen 0.08/turn               (no ring)

@: no status effects
A: fangs 1, strong nose, distributed training
a: Renounce Religion, Upheaval


You were on level 1 of the Dungeon.
You worshipped Qazlal.
Qazlal was pleased with you.
You visited 1 branch of the dungeon, and saw 1 of its levels.

You collected 38 gold pieces.


Innate Abilities, Weirdness & Mutations

You have very sharp teeth.
Your uncanny sense of smell can sniff out nearby items.
Your experience applies equally to all skills.


   Skills:
 + Level 6.5 Fighting
 + Level 0.5 Short Blades
 + Level 0.5 Long Blades
 + Level 6.5 Axes
 + Level 0.5 Maces & Flails
 + Level 0.5 Polearms
 + Level 0.5 Staves
 + Level 0.5 Slings
 + Level 0.5 Bows
 + Level 0.5 Crossbows
 + Level 0.5 Throwing
 + Level 0.5 Armour
 + Level 6.5 Dodging
 + Level 4.1 Stealth
 + Level 0.5 Shields
 + Level 0.5 Unarmed Combat
 + Level 0.5 Spellcasting
 + Level 0.3 Conjurations
 + Level 0.3 Hexes
 + Level 0.3 Summonings
 + Level 0.3 Necromancy
 + Level 0.3 Translocations
 + Level 0.3 Transmutations
 + Level 0.3 Fire Magic
 + Level 0.3 Ice Magic
 + Level 0.3 Air Magic
 + Level 0.3 Earth Magic
 + Level 0.3 Poison Magic
 + Level 0.6 Invocations
 + Level 0.5 Evocations


You had 2 spell levels left.
You didn't know any spells.
Your spell library was empty.

Inventory:

Hand Weapons
 a - a +0 hand axe (weapon)
Armour
 b - a +0 robe (worn)
Magical Staves
 e - a staff of air
Scrolls
 d - a scroll of magic mapping {unknown}
Potions
 c - a potion of ambrosia

Dungeon Overview and Level Annotations

Branches:
Dungeon (1/15)

Altars:
Qazlal

▒▒▒ .! ▒▒▒▒▒▒ ▒.
▒▒##..▒
▒.▒▒▒▒.▒▒▒..g..▒▒▒▒▒
w......J.[.#▒......▒
..▒▒...▒▒▒▒▒..▒.▒▒.▒▒
....... ▒.▒▒.....▒
....... ▒.▒▒▒▒▒..▒
.▒.J..▒ ▒.▒▒▒▒▒..▒
▒.▒.. ▒....†...▒
...... ▒▒▒▒▒▒▒▒.▒
.▒.▒▒. ▒.▒


You could see an endoplasm.


Message History

The rat bites you but does no damage.
You hit the rat.
You kill the rat!
You miss the frilled lizard. The frilled lizard misses you.
You hit the frilled lizard.
You kill the frilled lizard!
No target in view!
No target in view!
Found a runed short sword.
Found a faded altar of an unknown god.
Found a robe.
There is a faded altar of an unknown god here.
You see here a -3 short sword of freezing.
You see here a +0 robe.
An endoplasm comes into view.
The endoplasm quivers.
The endoplasm moves out of view.
An endoplasm and a dart slug come into view.
Found a viscous sapphire potion.
You see here a +0 robe.
There is a faded altar of an unknown god here.
You see here a -3 short sword of freezing.
You cannot tell which god this altar belongs to.
Convert to them anyway?
Qazlal accepts your prayer! Qazlal welcomes you!
You are now surrounded by a storm.
You can now call upon nature to destroy your foes.
Qazlal grants you and your divine allies immunity to clouds.
Are you sure you want to abandon this character and quit the game? (Confirm with "yes".)

Action                   || total
-------------------------++-------
Melee: Hand axe          ||    30
       Bite              ||     2
 Stab: Sleeping          ||     1
Armor: Robe              ||     2
Dodge: Dodged            ||    23

Levels and vault maps discovered:
D:1:      lightli_arrival_maybe_door_vault, layout_loops_cross,
          ebering_ecumenical_altar_rust, nicolae_shop_unique_rings, st_stairs_1,
          minivault_5

Notes
Turn   | Place    | Note
-------+----------+-------------------------------------------
     0 | D:1      | sanka the Gnoll Monk began the quest for the Orb.
     0 | D:1      | Reached XP level 1. HP: 23/23 MP: 1/1
   286 | D:1      | Reached XP level 2. HP: 29/29 MP: 2/2
   483 | D:1      | Found a faded altar of an unknown god.
   505 | D:1      | Prayed at the altar of an unknown god.
   505 | D:1      | Became a worshipper of Qazlal Stormbringer
   505 | D:1      | Reached * piety under Qazlal
   505 | D:1      | Reached ** piety under Qazlal
   506 | D:1      | Quit the game

Vanquished Creatures
  4 ball pythons (D:1)
  2 bats (D:1)
  An endoplasm (D:1)
  A giant cockroach (D:1)
  3 goblins (D:1)
  A hobgoblin (D:1)
  A kobold (D:1)
  A quokka (D:1)
  A frilled lizard (D:1)
  3 rats (D:1)
18 creatures vanquished.
